 Dungeon Crawl Stone Soup version 0.24-a0-434-gd57e52fea8 (webtiles) character file.

Game seed: 2668651894481195026

25 vurker the Chopper (level 2, -4/23 HPs)
             Began as a Demonspawn Gladiator on June 16, 2019.
             Was an Initiate of Okawaru.
             Slain by Sigmund
             ... wielding a +0 scythe
              (7 damage)
             ... on level 2 of the Dungeon.
             The game lasted 00:02:06 (1234 turns).

vurker the Chopper (Demonspawn Gladiator)           Turns: 1234, Time: 00:02:07

Health: -4/23      AC:  5    Str: 14    XL:     2   Next: 82%
Magic:  2/2        EV: 11    Int:  9    God:    Okawaru [......]
Gold:   92         SH:  0    Dex: 14    Spells: 1/1 levels left

rFire    . . .     SeeInvis .   a - +0 war axe
rCold    . . .     Gourm    .   (no shield)
rNeg     . . .     Faith    .   i - +0 ring mail
rPois    .         Spirit   .   (helmet restricted)
rElec    .         Reflect  .   (no cloak)
rCorr    .         Harm     .   (no gloves)
MR       .....                  (no boots)
Stlth    +.........             (no amulet)
HPRegen  0.07/turn              (no ring)
MPRegen  0.08/turn              (no ring)

@: no status effects
A: horns 1
a: Renounce Religion


You were on level 2 of the Dungeon.
You worshipped Okawaru.
Okawaru was noncommittal.
You were not hungry.

You visited 1 branch of the dungeon, and saw 2 of its levels.

You collected 92 gold pieces.

Inventory:

Hand Weapons
 a - a +0 war axe (weapon)
Missiles
 d - 3 throwing nets (quivered) {!f}
Armour
 c - a +0 helmet
 i - a +0 ring mail (worn)
   (You found it on level 1 of the Dungeon)
Scrolls
 b - a scroll of random uselessness {unknown}
 g - a scroll of fear {unknown}
 h - a scroll of fog {unknown}
 k - a scroll of identify {unknown}
 m - a scroll of noise {unknown}
Potions
 j - a potion of invisibility {unknown}
 l - a potion of haste {unknown}
 n - a potion of curing {unknown}
Comestibles
 e - 3 rations {!d}
 f - a chunk of flesh


   Skills:
 + Level 2.4 Fighting
 * Level 3.4 Axes
 - Level 1.7 Throwing
 - Level 2.6 Dodging
 + Level 0.2 Invocations


You had one spell level left.
You didn't know any spells.
Your spell library was empty.

Dungeon Overview and Level Annotations

Branches:
Dungeon (2/15)

Altars:
Dithmenos
Okawaru
Wu Jian

Annotations:
D:2 1 runed translucent door, Crazy Yiuf, Sigmund


Innate Abilities, Weirdness & Mutations

You have a pair of small horns on your head.


Message History

You now have 64 gold pieces (gained 7).
Eating one of 5 chunks of flesh.
You eat one of the 5 chunks of flesh.
Found 16 gold pieces.
You now have 80 gold pieces (gained 16).
You open the door.
Found a shadowy altar of Dithmenos and an ornate altar of the Wu Jian Council.
Found a glowing orange potion.
There is an open door here.
n - a glowing orange potion
There is a fountain of clear blue water here.
There is an open door here.
You see here a dagger.
Found a glowing dagger.
Some of the chunks of flesh in your inventory have rotted away.
You see here a glowing dagger.
A goblin comes into view. It is wielding a +0 dagger.
The goblin shouts!
A goblin is nearby!
The goblin hits you but does no damage.
You closely miss the goblin. You headbutt the goblin.
You kill the goblin!
Okawaru accepts your kill.
No target in view!
No target in view!
No target in view!
No target in view!
No target in view!
Some of the chunks of flesh in your inventory have rotted away.
Found 12 gold pieces.
You now have 92 gold pieces (gained 12).
Sigmund the Dreaded comes into view.
He is wielding a +0 scythe and wearing a +2 robe of cold resistance.
Sigmund shouts!
Sigmund hits you with a +0 scythe!
You barely miss Sigmund. Sigmund barely misses you.
You slash Sigmund! Sigmund misses you.
You hit Sigmund but do no damage.
Sigmund casts a spell.
Sigmund flickers and vanishes!
Deactivating autopickup; reactivate with Ctrl-A.
No target in view!
No target in view!
You hit something. You headbutt something. Something hits you.
You hit something. Your headbutt misses something. Something barely misses you.
You miss something. You headbutt something. Something hits you!
* * * LOW HITPOINT WARNING * * *
You hit something but do no damage. You headbutt something. Something hits you!
You die...

#.# #.# ###.#
....# ########
### #.....# ..
#.###.# .#
##.#
#.##########{#
...#
#..........@.#
####
##############


There were no monsters in sight!

Vanquished Creatures
  A leopard gecko (D:1)
  A ball python (D:1)
  6 bats (D:1)
  3 giant cockroaches
  2 goblins
  2 hobgoblins
  A kobold (D:1)
  6 rats (D:1)
22 creatures vanquished.

Notes
Turn   | Place    | Note
-------+----------+-------------------------------------------
     0 | D:1      | vurker the Demonspawn Gladiator began the quest for the
                  | Orb.
     0 | D:1      | Reached XP level 1. HP: 16/16 MP: 1/1
   218 | D:1      | Reached skill level 3 in Axes
   256 | D:1      | Gained mutation: You have a pair of small horns on your
                  | head. [demonic ancestry]
   256 | D:1      | Reached XP level 2. HP: 20/22 MP: 2/2
   963 | D:2      | Found an iron altar of Okawaru.
   969 | D:2      | Became a worshipper of Warmaster Okawaru
  1009 | D:2      | Found a runed translucent door.
  1010 | D:2      | Noticed Crazy Yiuf
  1109 | D:2      | Found a shadowy altar of Dithmenos.
  1109 | D:2      | Found an ornate altar of the Wu Jian Council.
  1225 | D:2      | Noticed Sigmund
  1234 | D:2      | Slain by Sigmund

Levels and vault maps discovered:
D:1:      wander_arrival_abandoned_jail, layout_loops_ring
D:2:      layout_loops_ring, okawaru_ov_weapons_minmay, fedhas_altar_4,
          lemuel_crystal_altar, gammafunk_temple_overflow_pools, uniq_sigmund,
          uniq_crazy_yiuf_cottage

Skill      XL: |  1 |
---------------+----+-----
Axes           | 3 |  3.4
Fighting       | |  2.4
Throwing       | |  1.7
Dodging        | |  2.6
Invocations    | |  0.2

Action                   || total
-------------------------++-------
Melee: War axe           ||    48
       Headbutt          ||     8
  Eat: Chunk             ||     1
Armor: Leather armour    ||     1
       Ring mail         ||    14
Dodge: Dodged            ||    42

Table legend:
 A = Non-vault XP
 B = Vault XP
 C = Vault XP percentage of total XP
 D = Non-vault monster count
 E = Vault monster count
 F = Vault count percentage of total count
                 A         B        C        D         E       F
            +---------+---------+-------+---------+---------+-------
      Total |      36 |       0 |   0.0 |      22 |       0 |   0.0
            +---------+---------+-------+---------+---------+-------
        D:1 |      28 |       0 |   0.0 |      18 |       0 |   0.0
        D:2 |       8 |       0 |   0.0 |       4 |       0 |   0.0
            +---------+---------+-------+---------+---------+-------
